 Dungeon Sprint DCSS version 0.29.1-15-g9cfb28693d (webtiles) character file.

Game seed: 7324809002595927287

0 Ast3rio the Poker (level 1, -3/16 HPs)
             Began as a Demonspawn Gladiator on Mar 15, 2023.
             Slain by Sigmund
             ... wielding a +0 scythe
              (8 damage)
             ... in the Dungeon (Sprint VI: "Thunderdome").
             The game lasted 00:00:25 (43 turns).

Ast3rio the Poker (Demonspawn Gladiator)              Turns: 43, Time: 00:00:25

Health: -3/16      AC:  4    Str: 14    XL:     1   Next: 16%
Magic:  1/1        EV: 12    Int:  9    God:
Gold:   200        SH:  0    Dex: 14    Spells: 0/0 levels left

rFire   . . .      SeeInvis .   a - +0 trident
rCold   . . .      Faith    .   (no shield)
rNeg    . . .      Spirit   .   b - +0 leather armour
rPois   .          Reflect  .   c - +0 helmet
rElec   .          Harm     .   (no cloak)
rCorr   .          Rampage  .   (no gloves)
Will    .....      NoTele   +   (no boots)
Stlth   +.........              (no amulet)
HPRegen 0.05/turn               (no ring)
MPRegen 0.07/turn               (no ring)

@: no status effects
A: no striking features
a: no special abilities


You were in the Dungeon.
You visited 1 branch You collected 200 gold pieces.

Inventory:

Hand Weapons
 a - a +0 trident (weapon)
Missiles
 d - 3 throwing nets (quivered)
 e - a javelin
Armour
 b - a +0 leather armour (worn)
 c - a +0 helmet (worn)
Wands
 m - a wand of acid (5)
 n - a wand of iceblast (5)
Scrolls
 k - 4 scrolls of blinking
 o - 3 scrolls of fog
Potions
 f - a potion of curing
 g - 4 potions of heal wounds
 h - 4 potions of haste
 i - 2 potions of magic
 j - a potion of berserk rage
 l - a potion of resistance


   Skills:
 + Level 2.0 Fighting
 + Level 3.0 Polearms
 + Level 1.8 Throwing
 + Level 2.9 Dodging


You couldn't memorise any spells.
You didn't know any spells.
Your spell library was empty.

Dungeon Overview and Level Annotations

Branches:
Dungeon (1/1)

Altars:
Cheibriados
Dithmenos
Fedhas
Makhleb
Okawaru
Qazlal
Ru
Trog
Uskayaw
Vehumet
Wu Jian
Xom
Yredelemnul
Lugonu

Shops:
D ?*?*:[((!!!!

Annotations:
D Sigmund


Message History

A kobold comes into view. It is wielding a +0 vampiric whip.
The kobold shouts!
There is a staircase leading out of the dungeon here.
Found a shadowy altar of Dithmenos and a sacrificial altar of Ru.
Found a blossoming altar of Fedhas and a glowing silver altar of Zin.
You closely miss the kobold.
The kobold hits you with a +0 vampiric whip.
You barely miss the kobold. The kobold barely misses you.
You puncture the kobold!
You kill the kobold!
Your Polearms skill increases to level 3!
Found an ornate altar of the Wu Jian Council and a burning altar of Makhleb.
Things that are here:
a +0 vampiric whip; 2 stones; a kobold corpse
Found Kaczaic's Staff Store and Utyplen's Magic Scroll Shop.
Found Hiqubirph's Must-Have Magic and Jijuceh's Magic Scroll Shop.
Found Tomaats's Distillery.
Found three shops.
Found a bloodstained altar of Trog.
Sigmund the Dreaded comes into view.
He is wielding a +0 scythe.
Sigmund shouts!
Sigmund casts a spell.
Sigmund flickers and vanishes!
Deactivating autopickup; reactivate with Ctrl-A.
Something tries to affect you, but you resist.
Found a stormy altar of Qazlal.
Found a basalt altar of Yredelemnul.
Found a radiant altar of Vehumet.
You are confused.
There is a spawn point here.
Found Punugang's Weapon Rack and Uvanoumy's Basic Armour.
Found Xohe's Miscellaneous Merchandise.
You feel less confused.
Found Momujon's Premium Goods.
Found three altars.
Something barely misses you. Something hits you.
You barely miss something. Something hits you.
You hit something. You miss something. Something hits you!
Ouch! That really hurt!
You die...

......8.# #)8........∩#
........###............
.....###...###.........
..... #.<.# #.........
. ..# #...###.........
.....###............
...8. #.8........∩#
......###......_._∩##
#.8......@{.8.######
#⌠...........⌠#
###.........###
#_......._# #_......._#
#_......._# #∩.......∩#
##∩.....∩## ##.....##


There were no monsters in sight!

Vanquished Creatures
  A kobold (D)
1 creature vanquished.

Notes
Turn   | Place    | Note
-------+----------+-------------------------------------------
     0 | D        | Ast3rio the Demonspawn Gladiator began the quest for the
                  | Orb.
     0 | D        | Reached XP level 1. HP: 16/16 MP: 1/1
     3 | D        | Found an iron altar of Okawaru.
     4 | D        | Found a corrupted altar of Lugonu.
     5 | D        | Round 1.
     7 | D        | Found a shadowy altar of Dithmenos.
     7 | D        | Found a sacrificial altar of Ru.
     9 | D        | Found a blossoming altar of Fedhas.
    14 | D        | Reached skill level 3 in Polearms
    14 | D        | Found an ornate altar of the Wu Jian Council.
    14 | D        | Found a burning altar of Makhleb.
    15 | D        | Found Kaczaic's Staff Store.
    15 | D        | Found Utyplen's Magic Scroll Shop.
    16 | D        | Found Hiqubirph's Must-Have Magic.
    16 | D        | Found Jijuceh's Magic Scroll Shop.
    21 | D        | Found Tomaats's Distillery.
    22 | D        | Found Xofuklon's Distillery.
    22 | D        | Found Piuphu Pate's Bottled Wisdom.
    22 | D        | Found a bloodstained altar of Trog.
    22 | D        | Found Isabreusch's Do-It-Yourself Clinic.
    23 | D        | Noticed Sigmund
    26 | D        | Found a stormy altar of Qazlal.
    27 | D        | Found a basalt altar of Yredelemnul.
    28 | D        | Found a radiant altar of Vehumet.
    32 | D        | Found Punugang's Weapon Rack.
    32 | D        | Found Uvanoumy's Basic Armour.
    33 | D        | Found Xohe's Miscellaneous Merchandise.
    34 | D        | Found a shimmering altar of Xom.
    34 | D        | Found a hide-covered altar of Uskayaw.
    34 | D        | Found a snail-covered altar of Cheibriados.
    34 | D        | Found Momujon's Premium Goods.
    43 | D        | Slain by Sigmund

Illustrated notes

Levels and vault maps discovered:
D:        arena_sprint

Skill      XL: |  1 |
---------------+----+-----
Polearms       | 3 |  3.0
Fighting       | |  2.0
Throwing       | |  1.8
Dodging        | |  2.9

Action                   || total
-------------------------++-------
Melee: Trident           ||     6
Dodge: Dodged            ||     2
